 Dungeon Crawl Stone Soup version 0.25-a0-413-g3b4b6a4ccc (webtiles) character file.

Game seed: 4241739770268072124, levelgen mode: deterministic

899 Dragon00 the Skirmisher (level 7, -12/66 HPs)
             Began as a Minotaur Berserker on Jan 16, 2020.
             Was an Elder of Trog.
             Mangled by a gnoll
             ... wielding a +0 halberd
              (14 damage)
             ... on level 5 of the Dungeon.
             The game lasted 00:22:16 (4456 turns).

Dragon00 the Skirmisher (Minotaur Berserker)        Turns: 4456, Time: 00:22:17

Health: -12/66     AC: 13    Str: 22    XL:     7   Next: 79%
Magic:  6/6        EV:  8    Int:  4    God:    Trog [****..]
Gold:   222        SH:  0    Dex: 11    Spells: 6/6 levels left

rFire    . . .     SeeInvis .   a - +0 hand axe
rCold    . . .     Gourm    .   (no shield)
rNeg     . . .     Faith    .   l - +0 plate armour
rPois    .         Spirit   .   (helmet restricted)
rElec    .         Reflect  .   t - +0 cloak
rCorr    .         Harm     .   (no gloves)
MR       .....                  (no boots)
Stlth    ..........             (no amulet)
HPRegen  0.21/turn              (no ring)
MPRegen  0.10/turn              (no ring)

@: no status effects
A: retaliatory headbutt, horns 2
a: Berserk, Trog's Hand, Brothers in Arms, Renounce Religion


You were on level 5 of the Dungeon.
You worshipped Trog.
Trog was greatly pleased with you.
You were hungry.

You visited 1 branch of the dungeon, and saw 7 of its levels.

You collected 222 gold pieces.

Inventory:

Hand Weapons
 a - a +0 hand axe (weapon)
 b - a +1 hunting sling of flaming
Missiles
 h - 86 stones (quivered)
Armour
 f - a +0 pair of gloves
 l - a +0 plate armour (worn)
 t - a +0 cloak (worn)
Wands
 m - a wand of digging (6)
 q - a wand of random effects (12)
Scrolls
 e - a scroll of teleportation
 i - a scroll of remove curse
 j - a scroll of identify
Potions
 g - 4 potions of lignification
 n - a potion of resistance {unknown}
 o - a potion of degeneration {unknown}
 p - 2 potions of agility {unknown}
 r - a potion of flight {unknown}
 s - a potion of might {unknown}
Comestibles
 c - 7 rations


   Skills:
 * Level 7.2 Fighting
 + Level 6.1 Axes
 + Level 5.5 Armour
 + Level 5.0 Dodging


You had 6 spell levels left.
You didn't know any spells.
Your spell library was empty.

Dungeon Overview and Level Annotations

Branches:
Dungeon (7/15)             Temple (0/1) D:5

Altars:
Cheibriados
Elyvilon
Ru
Trog
Vehumet
Zin
The Shining One

Shops:
D:5 (

Annotations:
D:6 Sigmund


Innate Abilities, Weirdness & Mutations

You reflexively headbutt those who attack you in melee.
You have a pair of horns on your head.


Message History

You furiously retaliate!
You headbutt the gnoll! You hit the gnoll but do no damage.
You headbutt the gnoll.
The gnoll is severely wounded.
You hit the gnoll but do no damage. The gnoll hits you with a +0 spear.
* * * LOW HITPOINT WARNING * * *
The gnoll hits you with a +0 halberd.
* * * LOW HITPOINT WARNING * * *
You hit the gnoll.
The gnoll is severely wounded.
You hit the gnoll but do no damage. The gnoll hits you but does no damage.
You hit the gnoll.
You kill the gnoll!
Trog accepts your kill.
Your Dodging skill increases to level 5!
You barely miss the gnoll. The gnoll hits you with a +0 halberd.
* * * LOW HITPOINT WARNING * * *
The gnoll hits you but does no damage.
You see here a +0 spear.
The gnoll hits you with a +0 halberd!
You die...

▓.▓ ▓......)......... ▓..▓▓.▓.
▓▓▓▓............... ...▓▓▓.▓▓
......▓..)........▓.........
▓.....▓▓▓./......▓ ▓..▓▓......
▓▓▓▓..▓▓...).....▓▓▓.▓▓....▓▓.
▓..............▓.>.▓.▓ ...
$..▓....▓..........▓▓...▓▓▓...
▓.............)......▓▓▓.....
▓▓.▓._.▓..@............▓...
▓........)g.▓.........▓...
.......▓...)...▓▓........▓...
..............▓.▓▓▓▓....▓.....
.............▓▓...▓......gg%..
....▓.........▓▓▓.....>▓▓▓....
..........▓...▓▓▓▓▓....▓▓▓▓...
▓▓.......▓▓...▓. ▓.....g▓▓▓.▓
▓▓..... ....▓.> ▓..▓.....g.▓


You could see a gnoll.

Vanquished Creatures
  An ogre (D:5)
  A gnoll sergeant (D:5)
  A scorpion (D:7)
  A crimson imp (D:5)
  Crazy Yiuf (D:2)
  2 hounds
  2 orc wizards (D:4)
  A bullfrog skeleton (D:4)
  Terence (D:2)
  Jessica (D:2)
  3 worker ants
  Ijyb (D:5)
  A hound skeleton (D:4)
  Robin (D:3)
  15 gnolls
  4 adders
  An ooze (D:1)
  A worm (D:2)
  2 dart slugs
  4 leopard geckos
  11 orcs
  A ball python (D:2)
  6 bats
  2 giant cockroaches (D:3)
  17 hobgoblins
  13 jackals
  9 kobolds
  4 quokkas
  2 frilled lizards
  15 goblins
  A quokka skeleton (D:5)
  6 rats
132 creatures vanquished.

Notes
Turn   | Place    | Note
-------+----------+-------------------------------------------
     0 | D:1      | Dragon00 the Minotaur Berserker began the quest for the
                  | Orb.
     0 | D:1      | Reached XP level 1. HP: 19/19 MP: 0/0
   198 | D:1      | Reached XP level 2. HP: 27/27 MP: 1/1
   443 | D:1      | Reached skill level 4 in Fighting
   498 | D:1      | Reached XP level 3. HP: 33/33 MP: 2/2
   805 | D:2      | Found a sacrificial altar of Ru.
   836 | D:2      | Found a white marble altar of Elyvilon.
   901 | D:2      | Reached ** piety under Trog
  1063 | D:2      | Reached XP level 4. HP: 37/41 MP: 3/3
  1116 | D:2      | Found a snail-covered altar of Cheibriados.
  1116 | D:2      | Noticed Jessica
  1127 | D:2      | Killed Jessica
  1142 | D:2      | Noticed Terence
  1156 | D:2      | Killed Terence
  1263 | D:2      | Found a faded altar of an unknown god.
  1274 | D:2      | Reached XP level 5. HP: 42/47 MP: 4/4
  1674 | D:2      | Found a runed translucent door.
  1675 | D:2      | Noticed Crazy Yiuf
  1682 | D:2      | Killed Crazy Yiuf
  2151 | D:3      | Reached skill level 5 in Fighting
  2167 | D:3      | Noticed Robin
  2177 | D:3      | Killed Robin
  2177 | D:3      | Reached skill level 5 in Axes
  2181 | D:3      | Reached *** piety under Trog
  2230 | D:3      | Reached XP level 6. HP: 29/56 MP: 5/5
  3175 | D:4      | Found a glowing golden altar of the Shining One.
  3181 | D:4      | Found a bloodstained altar of Trog.
  3187 | D:4      | Found a glowing silver altar of Zin.
  3549 | D:4      | You fall into a shaft and drop 3 floors!
  3570 | D:7      | Reached skill level 6 in Fighting
  3793 | D:6      | Noticed Sigmund
  3803 | D:5      | Entered Level 5 of the Dungeon
  3808 | D:5      | Reached XP level 7. HP: 37/63 MP: 6/6
  3818 | D:5      | Reached skill level 5 in Armour
  3953 | D:4      | Reached **** piety under Trog
  4196 | D:5      | Found Elul's Antique Weapon Shoppe.
  4204 | D:5      | Noticed Ijyb
  4216 | D:5      | Killed Ijyb
  4280 | D:5      | Found a radiant altar of Vehumet.
  4294 | D:5      | Reached skill level 7 in Fighting
  4327 | D:5      | Found a staircase to the Ecumenical Temple.
  4454 | D:5      | Reached skill level 5 in Dodging
  4454 | D:5      | HP: 1/66 [gnoll/+0 halberd (4)]
  4456 | D:5      | Mangled by a gnoll

Levels and vault maps discovered:
D:1:      minmay_arrival_split_and_join, layout_rooms, serial_rivers,
          chequers_serial_rivers_large_a, chequers_serial_rivers_micro_c,
          chequers_serial_rivers_marsh, chequers_serial_rivers_small_b
D:2:      layout_loops_ring, hangedman_ru_absence, cheibriados_altar_1,
          elyvilon_altar_3, chequers_ecumenical_altar_island, uniq_terence,
          uniq_jessica, uniq_crazy_yiuf_cottage
D:3:      layout_loops_ring, minmay_hedge_maze, hangedman_decor_push, uniq_robin
D:4:      layout_basic, gammafunk_temple_overflow_forgotten,
          nicolae_overflow_hidden_temple, glass_columns_a,
          kennysheep_generic_room_7
D:5:      layout_cave_pools, vehumet_altar_wand_db,
          minmay_temple_entry_from_below_a, serial_park, portal_sewer_entry_b,
          serial_shops, shop, first_ration, st_stairs_7, uniq_duvessa, uniq_ijyb
D:6:      layout_rooms, uniq_sigmund
D:7:      layout_loops_ring, lemuel_coloured_pillars_altar, serial_shops,
          nicolae_shop_trees, grunt_ogre_cave

Skill      XL: |  1  2  3  4  5  6  7 |
---------------+----------------------+-----
Fighting       | 4 5 6 7 |  7.2
Axes           | 4 5 6 |  6.1
Armour         | 3 4 5 |  5.5
Dodging        | 3 4 5 |  5.0

Action                   |  1- 3 |  4- 6 |  7- 9 || total
-------------------------+-------+-------+-------++-------
Melee: Hand axe          |    89 |   135 |    83 ||   307
       Headbutt          |     9 |    36 |    17 ||    62
 Fire: Hunting sling     |       |    45 |    10 ||    55
Throw: Stone             |    71 |    18 |       ||    89
Invok: Trog's Hand       |       |     3 |       ||     3
       Berserk           |       |     2 |     1 ||     3
  Use: Scroll            |       |     8 |     1 ||     9
       Potion            |       |       |     1 ||     1
  Eat: Chunk             |     1 |     4 |     3 ||     8
       Ration            |       |     2 |       ||     2
Armor: Plate armour      |    46 |    75 |    96 ||   217
Dodge: Dodged            |    27 |    43 |    63 ||   133

Table legend:
 A = Non-vault XP
 B = Vault XP
 C = Vault XP percentage of total XP
 D = Non-vault monster count
 E = Vault monster count
 F = Vault count percentage of total count
                 A         B        C        D         E       F
            +---------+---------+-------+---------+---------+-------
      Total |     934 |     351 |  27.3 |     113 |      19 |  14.4
            +---------+---------+-------+---------+---------+-------
        D:1 |      44 |       0 |   0.0 |      21 |       0 |   0.0
        D:2 |     124 |     119 |  49.0 |      35 |       3 |   7.9
        D:3 |     110 |      36 |  24.7 |      21 |      12 |  36.4
        D:4 |     291 |       0 |   0.0 |      19 |       0 |   0.0
        D:5 |     296 |     196 |  39.8 |      15 |       4 |  21.1
        D:7 |      69 |       0 |   0.0 |       2 |       0 |   0.0
            +---------+---------+-------+---------+---------+-------
